 Seeded DCSS version 0.30.1-9-gdf580d7c3d (webtiles) character file.

Game seed: 9106806156630997546 (custom seed)

53 Psyclone the Magician (level 3, -6/19 HPs)
             Began as a Deep Elf Fire Elementalist on Sept 27, 2023.
             Mangled by a +3 spectral club (8 damage)
             ... created by Jessica
             ... on level 2 of the Dungeon.
             The game lasted 00:02:33 (1782 turns).

Psyclone the Magician (Deep Elf Fire Elementalist)  Turns: 1782, Time: 00:02:34

Health: -6/19      AC:  2    Str:  5    XL:     3   Next: 64%
Magic:  5/10       EV: 12    Int: 21    God:
Gold:   71         SH:  0    Dex: 15    Spells: 9/10 levels left

rFire   . . .        j - +0 falchion
rCold   . . .        (no shield)
rNeg    . . .        a - +0 robe
rPois   +            (no helmet)
rElec   .            (no cloak)
rCorr   .            (no gloves)
SInv    .            (no boots)
Will    .....        (no amulet)
Stlth   ++           i - ring of poison resistance
HPRegen 0.23/turn    (no ring)
MPRegen 0.12/turn

%: no passive effects
@: no status effects
A: no striking features
a: no special abilities


You were on level 2 of the Dungeon.
You visited 1 branch of the dungeon, and saw 2 of its levels.

You collected 71 gold pieces.

Inventory:

Hand Weapons
 j - a +0 falchion (weapon)
Armour
 a - a +0 robe (worn)
Jewellery
 i - a ring of poison resistance (left hand)
Scrolls
 c - a scroll of teleportation {unknown}
 d - a scroll of blinking {unknown}
 k - a scroll of noise {unknown}
 o - a scroll of enchant armour {unknown}
Potions
 b - a potion of magic
 e - 3 potions of curing {unknown}
 f - a potion of berserk rage {unknown}
 g - 4 potions of brilliance {unknown}
 h - a potion of lignification {unknown}
 l - 2 potions of attraction {unknown}
 m - 2 potions of might {unknown}
 n - a potion of haste {unknown}


   Skills:
 - Level 2.4 Dodging
 - Level 2.4 Stealth
 + Level 4.0 Spellcasting
 + Level 2.3 Conjurations
 + Level 4.0 Fire Magic


You had 9 spell levels left.
You knew the following spells:

 Your Spells              Type           Power      Damage    Failure   Level
a - Foxfire               Conj/Fire      68%        2x1d7     3%          1

Your spell library contained the following spells:

 Spells                   Type           Power      Damage    Failure   Level
 Scorch                   Fire           42%        2d6       3%          2
 Inner Flame              Hex/Fire       12%        N/A       16%         3
 Volatile Blastmotes      Fire/Tloc      24%        2d12      16%         3
 Flame Wave               Conj/Fire      17%        2d7       32%         4
 Summon Cactus Giant      Summ           2%         N/A       100%        6


Dungeon Overview and Level Annotations

Branches:
Dungeon (2/15) Zot: 10214

Altars:
Qazlal

Shops:
D:1 =

Annotations:
D:2 Jessica


Message History

Casting: Foxfire (safe; 3% risk of failure)
Confirm with . or Enter, or press ? or * to list all spells.
You conjure some foxfire!
The foxfire hits the giant cockroach.
The giant cockroach is moderately wounded.
Jessica shouts, "Stop bothering me, or I'll kill you!"
The giant cockroach misses you.
The foxfire hits the giant cockroach but does no damage.
The giant cockroach is moderately wounded.
The giant cockroach bites you.
You take 1 damage, and have 18/19 hp.
You now have 7/10 mp.
Casting: Foxfire (safe; 3% risk of failure)
Confirm with . or Enter, or press ? or * to list all spells.
You conjure some foxfire!
The foxfire hits Jessica but does no damage.
The foxfire hits the giant cockroach.
You kill the giant cockroach!
You now have 6/10 mp.
Casting: Foxfire (safe; 3% risk of failure)
Confirm with . or Enter, or press ? or * to list all spells.
You conjure some foxfire!
The foxfire hits Jessica!
Jessica is severely wounded.
The foxfire hits Jessica but does no damage.
Jessica is severely wounded.
Jessica hits you with a +3 spectral club.
The +3 spectral club hits you! Jessica barely misses you.
The +3 spectral club hits you.
* * * LOW HITPOINT WARNING * * *
A +3 spectral club comes into view.
You take 16 damage, and have 2/19 hp.
MASSIVE DAMAGE!!
You now have 5/10 mp.
Casting: Foxfire (safe; 3% risk of failure)
Confirm with . or Enter, or press ? or * to list all spells.
You conjure some foxfire!
The foxfire hits the +3 spectral club but does no damage.
The foxfire hits Jessica.
Jessica is almost dead.
The +3 spectral club closely misses you.
Jessica barely misses you.
The +3 spectral club closely misses you.
The +3 spectral club hits you!
You die...

####### ###### #..$...
#....### #......
#......########
#......###....#........#
#....$.v§#..†.########.#
#.....@@.)##.## #.#
#.....v(#......#######..
#.........##............
#...!..##..##..#######.#
####### ##.. #.# #.. #..
.# ### ##. ### .. #..
..#


You could see a +3 spectral club and Jessica (fast, ally target).

Vanquished Creatures
  Robin (D:2)
  A worm (D:2)
  A dart slug (D:2)
  3 ball pythons
  3 bats (D:1)
  2 endoplasms
  A giant cockroach (D:2)
  12 goblins
  3 jackals (D:2)
  5 kobolds
  2 frilled lizards (D:1)
  A rat (D:1)
35 creatures vanquished.

Vanquished Creatures (others)
  169 foxfires
169 creatures vanquished.

Grand Total: 204 creatures vanquished

Notes
Turn   | Place    | Note
-------+----------+-------------------------------------------
     0 | D:1      | Psyclone the Deep Elf Fire Elementalist began the quest for
                  | the Orb.
     0 | D:1      | Reached XP level 1. HP: 10/10 MP: 6/6
   420 | D:1      | Reached XP level 2. HP: 13/15 MP: 4/8
   498 | D:1      | Found Cetaas's Jewellery Emporium.
  1065 | D:2      | Found a stormy altar of Qazlal.
  1576 | D:2      | Reached XP level 3. HP: 19/19 MP: 6/10
  1623 | D:2      | Noticed Robin
  1633 | D:2      | Killed Robin
  1775 | D:2      | Noticed Jessica
  1782 | D:2      | Mangled by a +3 spectral club

Illustrated notes

Levels and vault maps discovered:
D:1:      onia_arrival_mini_spirals, layout_loops_ring, serial_shops, shop
D:2:      layout_rooms, basic_altar, reono_crystal_passage, minmay_tetromino_l2,
          uniq_robin, uniq_jessica, uniq_crazy_yiuf_cottage

Skill      XL: |  1  2  3 |
---------------+----------+-----
Conjurations   | 2 |  2.3
Spellcasting   | 4 |  4.0
Fire Magic     | 4 |  4.0
Dodging        | |  2.4
Stealth        | |  2.4

Action                     || total
---------------------------++-------
  Melee: Unarmed           ||     4
         Falchion          ||    12
   Cast: Foxfire           ||   110
 Armour: Robe              ||    14
  Dodge: Dodged            ||    35
